 Dungeon Crawl Stone Soup version 0.29.0-11-gd7f09526c8 (webtiles) character file.

Game seed: 8442547773700598743

1082 Zeldest the Fighter (level 8, 0/70 HPs)
             Began as an Ogre Chaos Knight on Sept 4, 2022.
             Was a Plaything of Xom.
             Slain by Maggie
             ... wielding a +0 war axe
              (6 damage)
             ... on level 7 of the Dungeon.
             The game lasted 00:06:41 (5082 turns).

Zeldest the Fighter (Ogre Chaos Knight)             Turns: 5082, Time: 00:06:42

Health: 0/70       AC:  4    Str: 18      XL:     8   Next: 30%
Magic:  8/8        EV:  9    Int: 16 (17) God:    Xom [*.....]
Gold:   150        SH:  0    Dex:  6 (7)  Spells: 7/7 levels left

rFire   + . .      SeeInvis +   r - +3 quarterstaff (chaos)
rCold   . . .      Faith    .   (shield currently unavailable)
rNeg    . . .      Spirit   .   b - +2 robe
rPois   .          Reflect  .   (helmet restricted)
rElec   .          Harm     .   h - +0 cloak
rCorr   .          Rampage  .   (gloves unavailable)
Will    .....                   (boots unavailable)
Stlth   +.........              (no amulet)
HPRegen 0.21/turn               a - ring of protection from fire
MPRegen 0.11/turn               (no ring)

@: confused, mighty, corroded, unable to read
A: large, unfitting armour, tough skin 1, hooves 1, iridescent scales 1, see
invisible, clever 1, frail 2, mutation resistance 1, inability to drink after
injury 1, inability to read after injury 1
a: Renounce Religion


You were on level 7 of the Dungeon.
You worshipped Xom.
You were a special plaything of Xom.
You visited 1 branch of the dungeon, and saw 6 of its levels.
You also visited: Sewer.

You collected 246 gold pieces.
You spent 96 gold pieces at shops.

Inventory:

Hand Weapons
 r - a +3 quarterstaff of chaos (weapon)
Missiles
 m - a throwing net
 q - 6 curare-tipped darts
Armour
 b - a +2 robe (worn)
 h - a +0 cloak (worn)
Jewellery
 a - a ring of protection from fire (left hand)
 u - a ring of fire
Wands
 i - a wand of flame (7)
Scrolls
 d - 2 scrolls of amnesia
 e - a scroll of silence {unknown}
 f - a scroll of enchant armour {unknown}
 k - 6 scrolls of teleportation
 l - a scroll of noise {unknown}
 o - a scroll of magic mapping {unknown}
 p - a scroll of identify
 s - a scroll of blinking {unknown}
 t - a scroll of enchant weapon {unknown}
 v - 2 scrolls of immolation {unknown}
 w - a scroll of fear {unknown}
 y - a scroll of summoning {unknown}
Potions
 g - 3 potions of attraction
 j - a potion of magic {unknown}
 n - 2 potions of curing
Miscellaneous
 c - a piece from Xom's chessboard (10/15) (quivered)


   Skills:
 + Level 8.2 Fighting
 * Level 7.6 Maces & Flails
 - Level 2.1 Dodging


You had 7 spell levels left.
You didn't know any spells.
Your spell library contained the following spells:

 Spells                   Type           Power      Damage    Failure   Level
 Ozocubu's Armour         Ice            0%         N/A       58%         3
 Ozocubu's Refrigeration  Ice            0%         4d7       100%        7


Dungeon Overview and Level Annotations

Branches:
Dungeon (7/15)             Temple (0/1) D:6           Sewer (visited)

Altars:

Shops:
D:3 (   D:4 ?

Annotations:
D:4 1 transporter
D:7 Maggie


Innate Abilities, Weirdness & Mutations

You are too large for most types of armour.
You have tough skin. (AC +1)
You have large cloven feet.
You are partially covered in iridescent scales. (AC +2)
You have supernaturally acute eyesight. (SInv)
Your mind is acute. (Int +4, Str/Dex -1)
You are very frail. (-20% HP)
You are somewhat resistant to further mutation.
You occasionally lose the ability to drink potions when taking damage.
You occasionally lose the ability to read scrolls when taking damage.


Message History

Maggie mumbles some strange words.
Maggie attempts to bespell you! You resist with almost no effort.
You make a move on Xom's chessboard...
The goblin twists and deforms.
You make a move on Xom's chessboard...
Maggie twists and deforms.
The goblin barely misses you.
Maggie zaps a wand.
The bolt of acid hits you!
You feel threatened and lose the ability to read scrolls!
You feel threatened and lose the ability to drink potions!
The acid corrodes you!
You closely miss Maggie. You kick Maggie, but do no damage.
The goblin hits you but does no damage. Maggie barely misses you.
You hit Maggie. You kick Maggie, but do no damage.
Maggie is lightly wounded.
You can drink potions again.
The goblin hits you but does no damage. Maggie casts a spell at you.
The bolt of fire hits you! You resist.
* * * LOW HITPOINT WARNING * * *
You hear a shout!
You sock Maggie!
Maggie looks as sick as possible!
Your kick misses Maggie.
Maggie is moderately wounded.
The goblin hits you but does no damage. Maggie closely misses you.
You closely miss Maggie. Your kick misses Maggie.
Maggie is moderately wounded.
Xom titters.
You are confused.
The goblin closely misses you. Maggie hits you but does no damage.
You feel very mighty all of a sudden.
The goblin hits you from afar with a +0 spear.
* * * LOW HITPOINT WARNING * * *
Maggie barely misses you.
An orc comes into view. It is wielding a +0 whip.
You sock Maggie! You freeze Maggie. Your kick misses Maggie.
Maggie is severely wounded.
The goblin hits you from afar with a +0 spear.
* * * LOW HITPOINT WARNING * * *
Maggie hits you with a +0 war axe!
* * * LOW HITPOINT WARNING * * *
Maggie hits you with a +0 war axe.
You die...
Xom is highly amused!

...............#.#.#.....
....##.#...#.#.#...#.#.#..
5
.(..#..#.#.#...........#.#
....##.......##.....##....
....+....#...............#
....#....#....#.###.#....
....'....#......o........#
....##.......##.....##....
....#..#.#.#....@@g....#.
######)#...#.#.#...#.#.#
#..........#.#.# ..
###.....##....... #..
#...........#..... ..
##.###.#....#....#.## ###
##.....#.......
###.......##.. ..#. .#..
..


You could see Maggie (very poisoned, misshapen), an orc and a goblin
(misshapen).

Vanquished Creatures
  A water moccasin (D:7)
  An ice beast (D:6)
  2 black bears (D:6)
  A kobold brigand (Sewer)
  A necrophage (D:7)
  3 killer bees (D:7)
  A howler monkey (D:7)
  A jelly (D:7)
  An orc priest (D:3)
  Crazy Yiuf (D:6)
  Natasha (thrice) (D:2)
  Robin (D:1)
  5 adders
  4 gnolls
  3 river rats (Sewer)
  A shadow imp (D:6)
  2 white imps
  An ufetubus (D:6)
  5 worms
  A dart slug (D:2)
  3 orcs
  5 bats
  4 endoplasms
  6 giant cockroaches
  12 goblins
  7 hobgoblins
  7 quokkas
  5 ball pythons
  A frilled lizard (D:2)
  12 kobolds
  5 rats
106 creatures vanquished.

Notes
Turn   | Place    | Note
-------+----------+-------------------------------------------
     0 | D:1      | Zeldest the Ogre Chaos Knight began the quest for the Orb.
     0 | D:1      | Reached XP level 1. HP: 24/24 MP: 1/1
   290 | D:1      | Reached XP level 2. HP: 15/33 MP: 2/2
   725 | D:1      | Reached XP level 3. HP: 35/40 MP: 3/3
   855 | D:1      | XOM: noise
  1016 | D:1      | XOM: noise
  1089 | D:2      | Noticed Robin
  1109 | D:1      | Killed Robin
  1322 | D:1      | Reached XP level 4. HP: 33/49 MP: 4/4
  1636 | D:2      | XOM: give mutations
  1636 | D:2      | Gained mutation: You occasionally lose the ability to read
                  | scrolls when taking damage. [Xom's mischief]
  1636 | D:2      | Gained mutation: You are frail. (-10% HP) [Xom's mischief]
  1636 | D:2      | Gained mutation: You occasionally lose the ability to drink
                  | potions when taking damage. [Xom's mischief]
  1649 | D:2      | Noticed Natasha
  1657 | D:2      | Killed Natasha
  1658 | D:2      | Reached skill level 5 in Fighting
  1719 | D:2      | Noticed Natasha
  1733 | D:2      | XOM: confuse monster(s)
  1734 | D:2      | Killed Natasha
  1735 | D:2      | Reached XP level 5. HP: 35/51 MP: 5/5
  1878 | D:2      | XOM is BORED!
  1878 | D:2      | XOM: stat loss: -3 Dex (5/8)
  1916 | D:2      | XOM: give mutations
  1916 | D:2      | Gained mutation: Your mind is acute. (Int +4, Str/Dex -1)
                  | [Xom's grace]
  1916 | D:2      | Gained mutation: You have supernaturally acute eyesight.
                  | (SInv) [Xom's grace]
  1916 | D:2      | Gained mutation: You have large cloven feet. [Xom's grace]
  1916 | D:2      | Gained mutation: You are partially covered in iridescent
                  | scales. (AC +2) [Xom's grace]
  1944 | D:2      | Noticed Natasha
  1950 | D:2      | Killed Natasha
  1984 | D:2      | Found a faded altar of an unknown god.
  2007 | D:2      | XOM: divination: magic mapping
  2171 | D:3      | XOM: silly message
  2423 | D:3      | Found Jotet's Weapon Emporium.
  2423 | D:3      | XOM: 2-stop teleportation journey
  2429 | D:3      | Bought 6 curare-tipped darts for 46 gold pieces
  2477 | D:3      | Reached skill level 5 in Maces & Flails
  2543 | D:3      | XOM: give mutation
  2543 | D:3      | Gained mutation: You are very frail. (-20% HP) [Xom's
                  | mischief]
  2832 | D:4      | Found Otudent's Magic Scroll Shop.
  2838 | D:4      | Bought a scroll of identify for 20 gold pieces
  2838 | D:4      | Bought a scroll of teleportation for 30 gold pieces
  2859 | D:4      | Found a transporter.
  2861 | D:4      | XOM: confusion
  2862 | D:4      | You fall into a shaft and drop 2 floors!
  2925 | D:6      | Found a staircase to the Ecumenical Temple.
  2925 | D:6      | Noticed a black bear
  2931 | D:6      | XOM: noise
  2932 | D:6      | XOM: smoke on damage
  2933 | D:6      | Killed a black bear
  2934 | D:6      | Reached skill level 6 in Fighting
  2934 | D:6      | Reached XP level 6. HP: 41/53 MP: 6/6
  3090 | D:6      | XOM: 1-stop teleportation journey
  3121 | D:6      | Noticed an ice beast
  3136 | D:6      | Killed an ice beast
  3192 | D:6      | XOM: give mutation
  3192 | D:6      | Gained mutation: You are somewhat resistant to further
                  | mutation. [Xom's grace]
  3370 | D:6      | Noticed a water moccasin
  3371 | D:6      | Reached XP level 7. HP: 35/60 MP: 7/7
  3374 | D:6      | XOM: snakes to sticks
  3393 | D:6      | Found a glowing drain.
  3537 | Sewer    | Entered a sewer
  3559 | Sewer    | XOM: smoke on damage
  3569 | Sewer    | XOM: divination: detect creatures
  3609 | Sewer    | XOM: silly message
  3900 | Sewer    | XOM: silly message
  3907 | Sewer    | Reached skill level 7 in Fighting
  3948 | Sewer    | XOM: noise
  4332 | D:6      | XOM: draining
  4684 | D:6      | Found a runed translucent door.
  4685 | D:6      | Noticed Crazy Yiuf
  4692 | D:6      | Killed Crazy Yiuf
  4794 | D:7      | XOM: divination: detect creatures
  4864 | D:7      | Reached XP level 8. HP: 18/70 MP: 8/8
  4921 | D:7      | Reached skill level 8 in Fighting
  5067 | D:7      | Noticed Maggie
  5078 | D:7      | XOM: confusion
  5082 | D:7      | Slain by Maggie

Illustrated notes

Levels and vault maps discovered:
D:1:      lemuel_arrival_rhombus, layout_loops_corners, lemuel_old_faithful
D:2:      layout_rooms, dreamdust_ecumenical_altar_statues, uniq_natasha,
          uniq_robin
D:3:      layout_basic, serial_shops, nicolae_shop_bloodbath_and_beyond
D:4:      layout_rooms, lightli_temple_of_fire, gammafunk_ghost_mausoleum,
          serial_shops, nicolae_shop_hallway_plus
D:6:      layout_loops_ring, minmay_temple_entry_trees, portal_sewer_entry_f,
          uniq_crazy_yiuf_cottage
D:7:      nicolae_cairo_tiling_large_dashed, layout_basic, enter_bailey_3,
          uniq_maggie

Skill      XL: |  1  2  3  4  5  6  7  8 |
---------------+-------------------------+-----
Maces & Flails | 3 4 5 7 |  7.6
Fighting       | 5 6 7 8 |  8.2
Dodging        | |  2.1

Action                   |  1- 3 |  4- 6 |  7- 9 || total
-------------------------+-------+-------+-------++-------
Melee: Mace              |    20 |       |       ||    20
       Flail             |    65 |   121 |   114 ||   300
       Punch             |     1 |     1 |       ||     2
       Kick              |       |    19 |    36 ||    55
       Quarterstaff      |       |       |    51 ||    51
Evoke: Piece from Xom's  |       |       |     5 ||     5
  Use: Scroll            |       |     2 |     1 ||     3
       Potion            |       |     2 |    10 ||    12
 Stab: Paralysed         |       |       |     1 ||     1
Armor: Robe              |    37 |    53 |    80 ||   170
Dodge: Dodged            |    49 |    73 |   102 ||   224
